AoeStats
← savageCGN

Black Forest

503887385Analyzed
3v3 RM · 1mo ago on Sep 2, 2026· 36m 27s· 6 players
Game mode
Random Map
Map size
Normal (6 player)
Population
200
Speed
Normal
Resources
Standard
Victory
Conquest
Starting age
Dark Age
Ending age
Imperial Age
RankedLock teamsTeams togetherTeam positionsShared explorationLock speedFull tech treeHidden civsTurbo modeCheats
Victory
Defeat
🇩🇪 Vietnamese · Germany
698
+14
🇩🇪 Khmer · Germany
694
+15
🇩🇪 Spanish · Germany
590
+19
🇫🇷 Teutons · France
801
-50
🇫🇷 Cumans · France
607
-30
🇫🇷 Britons · France
588
-26
rafa20058
0:58 Loom
16:30 Feudal Age
16:55 Horse Collar
16:59 Fishing Lines
17:38 Double-Bit Axe
18:42 Wheelbarrow
17:53 Town Watch
22:42 Stone Mining
22:43 Gold Mining
26:48 Castle Age
25:09 Scale Barding Armor
25:06 Scale Mail Armor
25:07 Padded Archer Armor
24:58 Fletching
26:08 Forging
28:36 Caravan
30:03 Bow Saw
32:09 Stone Shaft Mining
32:03 Husbandry
32:25 Chain Barding Armor
32:21 Chain Mail Armor
32:27 Gillnets
33:20 Heavy Plow
34:10 Leather Archer Armor
33:50 Bodkin Arrow
34:30 Iron Casting
35:07 Guard Tower
35:44 Ballistics
savageCGN
4:09 Loom
12:06 Feudal Age
20:22 Castle Age
18:27 Fishing Lines
19:01 Double-Bit Axe
18:59 Horse Collar
20:36 Stone Mining
23:10 Town Watch
24:01 Wheelbarrow
23:24 Gold Mining
23:28 Gillnets
24:05 Bow Saw
27:04 Fletching
27:24 Forging
27:20 Scale Barding Armor
27:16 Padded Archer Armor
29:38 Iron Casting
29:24 Bloodlines
29:15 Husbandry
32:28 Hand Cart
34:59 Imperial Age
35:17 Chain Barding Armor
35:41 Double Crossbow
36:02 Conscription
gebratenenudel
6:07 Loom
12:27 Feudal Age
13:30 Horse Collar
19:49 Castle Age
18:14 Double-Bit Axe
18:25 Gold Mining
18:48 Stone Mining
21:16 Wheelbarrow
21:43 Bow Saw
22:45 Heavy Plow
26:38 Hand Cart
28:46 Stone Shaft Mining
28:26 Town Watch
30:18 Bloodlines
30:19 Husbandry
29:42 Pikeman
30:22 Squires
30:32 Scale Barding Armor
34:45 Imperial Age
32:32 Elite Skirmisher
33:34 Chain Barding Armor
33:25 Forging
33:17 Padded Archer Armor
33:07 Fletching
34:28 Caravan
36:31 Iron Casting
36:32 Plate Barding Armor
36:16 Leather Archer Armor
35:41 Elite Battle Elephant
Panini555999
3:06 Loom
16:14 Feudal Age
23:24 Man-at-Arms
25:58 Gold Mining
30:08 Castle Age
29:00 Horse Collar
31:05 Gambesons
30:41 Long Swordsman
32:16 Heavy Plow
34:09 Stone Mining
34:09 Gold Mining
37:08 Ballistics
Turbo
12:56 Feudal Age
14:46 Double-Bit Axe
18:07 Loom
21:56 Castle Age
20:39 Fishing Lines
20:43 Horse Collar
23:45 Bow Saw
24:22 Crossbowman
28:25 Padded Archer Armor
28:15 Fletching
28:37 Forging
29:28 Heavy Plow
29:23 Gillnets
29:32 Pikeman
30:36 Ballistics
30:12 Murder Holes
31:20 Elite Skirmisher
34:42 Bodkin Arrow
35:03 Leather Archer Armor
Sandwich7777
4:08 Loom
16:44 Feudal Age
18:56 Gold Mining
24:51 Castle Age
24:06 Padded Archer Armor
23:56 Fletching
24:12 Double-Bit Axe
25:10 Crossbowman
29:44 Stone Mining
30:30 Gold Shaft Mining
34:19 Thumb Ring
34:54 Town Watch
Connection lost

Rejoining the realm…

Still unreachable

The connection could not be restored.

Session expired

The server has moved on; the page needs a fresh start.